cohdb
Replays
Latest Replays
All Replays
Popular Replays
Top Player Replays
Match Explorer
How It Works
Community
CoH3 Stats
Reddit
Sign in to upload your games and track your stats! →
Sign in with Steam
Match 41805949
Unlisted
Match 41805949
Overview
Messages
Build Orders
End
Kradschützen Motorcycle Team
Selects Italian Combined Arms Battlegroup
Selects Bersaglieri Squad
Bersaglieri Squad
Panzergrenadier Squad
Bersaglieri Squad
Construct Light Support Kompanie
Fire Support Elements
2.5-tonne Medical Truck
Flakvierling Half-track
Selects Bersaglieri Bolster
Pak 38 Mechanized Group
Combat Half-tracks
Selects Breda Model 30 Light Machine Guns
Vehicle Survival Package
Construct Panzerarmee Kommand
Panzer III L Medium Tank
Emergency Repair Kits
Walking Stuka Rocket Launcher
Selects Semovente da 75/18 Assault Gun
Selects Strafing Run
我是巨婴传day
Itaca
ShoulderGuy
Obersol
0
0
Comments
sign in to comment!
No comments posted yet!